 Dungeon Crawl Stone Soup version 0.30-a0-347-gf58ed5266c (webtiles) character file.

Game seed: 14622413470992593902

10068 purpskrrrp the Grappler (level 11, 0/96 HPs)
             Began as a Troll Warper on Nov 6, 2022.
             Was an Elder of Hepliaklqana.
             Slain by a polar bear simulacrum (3 damage)
             ... in an ice cave.
             The game lasted 00:20:56 (10165 turns).

purpskrrrp the Grappler (Troll Warper)             Turns: 10165, Time: 00:20:57

Health: 0/96       AC:  6    Str: 25    XL:     11   Next: 31%
Magic:  0/17       EV: 14    Int:  9    God:    Hepliaklqana [****..]
Gold:   465        SH:  0    Dex: 15    Spells: 20/20 levels left

rFire   + + .      SeeInvis .      - Unarmed
rCold   + + .      Faith    .    (no shield)
rNeg    . . .      Spirit   +    a - +0 robe
rPois   +          Reflect  .    h - +2 hat
rElec   +          Harm     .    t - scarf {rC+ rF+}
rCorr   +          Rampage  .    (gloves unavailable)
Will    .....                    (boots unavailable)
Stlth   +.........               s - amulet of guardian spirit
HPRegen 1.16/turn                v - +4 ring of evasion
MPRegen 0.15/turn                u - +6 ring of dexterity

@: mighty, resistant, studying Polearms
A: reduced essence, large, unfitting armour, claws 3, regeneration 1, shaggy fur
1, tough skin 1, beak, subdued magic 1, MP-powered wands
a: Renounce Religion, Recall Ancestor, Ancestor Identity, Transference, Idealise


You were in an ice cave.
You worshipped Hepliaklqana.
Hepliaklqana was greatly pleased with you.
You visited 1 branch of the dungeon, and saw 11 of its levels.
You also visited: Ice Cave.

You collected 465 gold pieces.

Inventory:

Hand Weapons
 k - the +6 giant club of a Million Ears {holy, Str+3 SInv}
   (You acquired it on level 4 of the Dungeon)

   It has been blessed by the Shining One to cause great damage to the undead
   and demons.
   Str:       It affects your strength (+3).
   SInv:      It lets you see invisible.
Missiles
 c - 6 boomerangs of dispersal
 j - 5 boomerangs
 B - 3 silver boomerangs
Armour
 a - a +0 robe (worn)
 h - a +2 hat (worn)
 t - a scarf of resistance (worn)
Jewellery
 m - a ring of fire
 s - an amulet of guardian spirit (around neck)
 u - a +6 ring of dexterity (right claw)
 v - a +4 ring of evasion (left claw)
 w - a ring of resist corrosion
Wands
 p - a wand of mindburst (7)
 z - a wand of paralysis (9) (quivered)
Scrolls
 b - a scroll of butterflies
 n - 6 scrolls of teleportation
 o - 2 scrolls of enchant weapon
 y - a scroll of silence
 C - 2 scrolls of identify
Potions
 d - 3 potions of brilliance
 f - a potion of haste
 g - a potion of curing
 l - a potion of flight
 q - 2 potions of degeneration
 r - 2 potions of attraction
 x - a potion of cancellation
 A - a potion of lignification


   Skills:
 + Level 6.9 Fighting
 - Level 0.8 Throwing
 - Level 1.9 Dodging
 * Level 11.5 Unarmed Combat
 + Level 5.2 Spellcasting
 + Level 6.5 Translocations


You had 20 spell levels left.
You didn't know any spells.
Your spell library contained the following spells:

 Spells                   Type           Power      Damage    Failure   Level
 Apportation              Tloc           20%        N/A       1%          1
 Blink                    Tloc           20%        N/A       1%          2
 Lesser Beckoning         Tloc           20%        N/A       3%          3
 Teleport Other           Tloc           10%        N/A       3%          3
 Manifold Assault         Tloc           10%        N/A       13%         4
 Vhi's Electric Charge    Tloc/Air       12%        N/A       16%         3
 Necrotise                Necr           4%         1d4       21%         1
 Summon Small Mammal      Summ           4%         N/A       21%         1
 Cigotuvi's Dreadful Rot  Necr/Pois/Air  2%         N/A       32%         2
 Poisonous Vapours        Pois/Air       2%         N/A       32%         2
 Static Discharge         Conj/Air       2%         2-3/arc   32%         2
 Hailstorm                Conj/Ice       1%         3d3       54%         3
 Mephitic Cloud           Conj/Pois/Air  1%         N/A       54%         3
 Ice Form                 Ice/Tmut       1%         N/A       92%         4
 Summon Lightning Spire   Summ/Air       1%         N/A       92%         4
 Arcjolt                  Conj/Air       0%         1d10      99%         5
 Lightning Bolt           Conj/Air       0%         1d11      99%         5
 Simulacrum               Ice/Necr       0%         N/A       100%        6
 Storm Form               Tmut/Air       0%         N/A       100%        7
 Maxwell's Capacitive Co  Air            0%         ∞         100%        8


Dungeon Overview and Level Annotations

Branches:
Dungeon (11/15)            Temple (0/1) D:4            Lair (0/5) D:9
  IceCv (1/1)
    Orc: D:9-12

Altars:
Gozag
Hepliaklqana
Kikubaaqudgha
Okawaru
Ru
Trog
Zin

Shops:
D:1 (


Innate Abilities, Weirdness & Mutations

Your life essence is reduced to manifest your ancestor. (-10% HP)
You are too large for most types of armour.
You have claws for hands.
Your natural rate of healing is unusually fast.
You are covered in fur. (AC +1)
You have tough skin. (AC +1)
You have a beak for a mouth.
Your spells are a little easier to cast, but a little less powerful.
You expend magic power (3 MP) to strengthen your wands.


Message History

* * * LOW HITPOINT WARNING * * *
The white ugly thing misses you.
You feel very mighty all of a sudden. The white ugly thing barely misses you.
The polar bear simulacrum bites you but does no damage.
The polar bear simulacrum closely misses you.
The polar bear simulacrum claws you but does no damage.
The polar bear simulacrum bites you.
* * * LOW HITPOINT WARNING * * *
The polar bear simulacrum freezes you. You resist.
* * * LOW HITPOINT WARNING * * *
The polar bear simulacrum closely misses you. x2
You claw the white ugly thing!
The white ugly thing is severely wounded.
The white ugly thing tentacle-slaps you!
* * * LOW HITPOINT WARNING * * *
The white ugly thing freezes you! You resist.
* * * LOW HITPOINT WARNING * * *
You feel better.
The polar bear simulacrum bites you but does no damage.
The polar bear simulacrum claws you but does no damage.
The polar bear simulacrum misses you.
The polar bear simulacrum bites you but does no damage.
The polar bear simulacrum closely misses you.
The polar bear simulacrum claws you but does no damage.
The white ugly thing tentacle-slaps you.
* * * LOW HITPOINT WARNING * * *
The white ugly thing freezes you. You resist.
* * * LOW HITPOINT WARNING * * *
You barely miss the white ugly thing. You claw the white ugly thing!!
You kill the white ugly thing!
Cuahtemoc emerges from the mists of memory!
The polar bear simulacrum bites you.
* * * LOW HITPOINT WARNING * * *
The polar bear simulacrum freezes you. You resist.
* * * LOW HITPOINT WARNING * * *
The polar bear simulacrum claws you.
* * * LOW HITPOINT WARNING * * *
The polar bear simulacrum freezes you. You resist.
You die...

##....)(?....##
#......[......#
#....8...8....#
#.............#
#...........#
#.....Z.....#
#....Z†Z....#
#....@....#
##..R∩...##
##..∩..##
#######


You could see the friendly Cuahtemoc the battlemage, a death yak simulacrum and
2 polar bear simulacra.

Vanquished Creatures
  An ugly thing (IceCv)
  A troll (D:10)
  Prince Ribbit (D:6)
  The ghost of purpskrrrp the Magician, an amateur DjCj of Cheibriados (D:4)
  A shadow (D:10)
  A wraith (D:11)
  2 wyverns (D:10)
  21 yaks
  Grum (D:10)
  2 water moccasins
  An acid dragon (D:10)
  3 orc warriors
  2 black bears
  An ogre (D:7)
  2 ice beasts
  6 centaurs
  A phantom (D:5)
  A kobold brigand (D:8)
  A gnoll sergeant (D:7)
  2 bullfrogs
  2 necrophages
  A scorpion (D:7)
  4 howler monkeys
  A hound (D:5)
  3 orc priests
  3 jellies
  7 iguanas
  5 orc wizards
  6 gnolls
  7 adders
  10 white imps
  3 ufetubi
  A dart slug (D:2)
  21 orcs
  6 endoplasms
  3 giant cockroaches
  6 goblins
  5 hobgoblins
  14 kobolds
  4 quokkas
  4 ball pythons
  6 bats
  5 frilled lizards
  8 rats
187 creatures vanquished.

Vanquished Creatures (collateral kills)
  Snorg (D:10)
  A hornet (D:9)
  6 yaks
  A wraith (D:10)
  A wyvern (D:9)
  An acid dragon (D:9)
  An orc warrior (D:9)
  3 wolves (D:10)
  A centaur (D:9)
  An electric eel (D:7)
  2 howler monkeys
  A gnoll bouda (D:9)
  An orc priest (D:9)
  An orc wizard (D:6)
  5 gnolls
  A shadow imp (D:6)
  2 white imps (D:11)
  6 orcs
  4 kobolds (D:8)
40 creatures vanquished.

Vanquished Creatures (others)
  2 battlemagi
  An ancestor (D:6)
3 creatures vanquished.

Grand Total: 230 creatures vanquished

Notes
Turn   | Place    | Note
-------+----------+-------------------------------------------
     0 | D:1      | purpskrrrp the Troll Warper began the quest for the Orb.
     0 | D:1      | Reached XP level 1. HP: 19/19 MP: 1/1
   180 | D:1      | Found Ozullaq's Weapon Boutique.
   653 | D:2      | Reached XP level 2. HP: 28/28 MP: 3/3
   829 | D:2      | Reached XP level 3. HP: 27/35 MP: 4/4
   990 | D:2      | Reached skill level 3 in Unarmed Combat
  1355 | D:3      | Reached XP level 4. HP: 20/42 MP: 5/5
  1497 | D:3      | Found a glowing silver altar of Zin.
  1497 | D:3      | Found a sacrificial altar of Ru.
  1602 | D:3      | Reached XP level 5. HP: 48/50 MP: 6/6
  1750 | D:3      | Identified the +3 whip of Profit {freeze, rElec Will++}
  2304 | D:4      | Reached skill level 4 in Unarmed Combat
  2559 | D:4      | Found an ancient bone altar of Kikubaaqudgha.
  2569 | D:4      | Noticed a black bear
  2579 | D:4      | Killed a black bear
  2580 | D:4      | Reached XP level 6. HP: 46/59 MP: 8/8
  2617 | D:4      | Found a hazy altar of Hepliaklqana.
  2672 | D:4      | Found a runed translucent door.
  2675 | D:4      | Noticed purpskrrrp's ghost (amateur DjCj)
  2991 | D:4      | Found a staircase to the Ecumenical Temple.
  3307 | D:4      | Identified a scroll of acquirement
  3307 | D:4      | Acquired the +6 giant club of a Million Ears {holy, Str+3
                  | SInv}
  3365 | D:4      | Killed purpskrrrp's ghost
  3366 | D:4      | Reached skill level 5 in Unarmed Combat
  3366 | D:4      | Reached XP level 7. HP: 55/67 MP: 7/9
  3481 | D:4      | Became a worshipper of Hepliaklqana the Forgotten
  3506 | D:5      | Entered Level 5 of the Dungeon
  4177 | D:5      | Reached skill level 6 in Unarmed Combat
  4262 | D:5      | Reached XP level 8. HP: 66/78 MP: 8/11
  4725 | D:5      | Acquired a scarf of resistance
  4909 | D:6      | Reached * piety under Hepliaklqana
  4992 | D:6      | Noticed Prince Ribbit
  5014 | D:6      | Killed Prince Ribbit
  5318 | D:6      | Reached skill level 7 in Unarmed Combat
  6182 | D:7      | Reached XP level 9. HP: 24/76 MP: 6/13
  6380 | D:7      | Reached skill level 8 in Unarmed Combat
  6518 | D:7      | Reached ** piety under Hepliaklqana
  6520 | D:7      | Remembered your ancestor Cuahtemoc as a battlemage
  6853 | D:7      | Reached skill level 5 in Fighting
  6858 | D:7      | Reached skill level 5 in Translocations
  7308 | D:8      | Identified the +6 trident of Excruciating Pain {spect, Fly
                  | rC+ Will-}
  7388 | D:8      | Reached skill level 9 in Unarmed Combat
  7403 | D:8      | Reached XP level 10. HP: 87/87 MP: 13/15
  7728 | D:8      | Found an opulent altar of Gozag.
  7808 | D:9      | Reached *** piety under Hepliaklqana
  8188 | D:9      | Found a staircase to the Lair.
  8270 | D:9      | Reached skill level 10 in Unarmed Combat
  8627 | D:9      | Gained mutation: You have a beak for a mouth. [potion of
                  | mutation]
  8627 | D:9      | Gained mutation: You expend magic power (3 MP) to
                  | strengthen your wands. [potion of mutation]
  8627 | D:9      | Gained mutation: Your spells are a little easier to cast,
                  | but a little less powerful. [potion of mutation]
  8651 | D:10     | Entered Level 10 of the Dungeon
  9047 | D:10     | Found an iron altar of Okawaru.
  9047 | D:10     | Found a bloodstained altar of Trog.
  9089 | D:10     | Reached **** piety under Hepliaklqana
  9102 | D:10     | Reached skill level 5 in Spellcasting
  9148 | D:10     | Noticed Grum
  9168 | D:10     | Killed Grum
  9169 | D:10     | Reached skill level 11 in Unarmed Combat
  9170 | D:10     | Reached XP level 11. HP: 96/96 MP: 17/17
  9321 | D:10     | Noticed Snorg
  9396 | D:10     | Killed Snorg
 10142 | D:11     | Found a frozen archway.
 10152 | IceCv    | Entered an ice cave
 10152 | IceCv    | Noticed a white ugly thing
 10165 | IceCv    | Killed a white ugly thing
 10165 | IceCv    | HP: 3/96 [polar bear simulacrum (2)]
 10165 | IceCv    | Slain by a polar bear simulacrum

Illustrated notes

Levels and vault maps discovered:
D:1:      dpeg_arrival_windows_large_door, layout_loops_cross, serial_shops,
          nicolae_shop_advertising_works [nicolae_subvault_shop_adworks],
          hangedman_decor_clover_reticule, kennysheep_crisscross
D:2:      layout_loops_ring, minmay_vboxes
D:3:      layout_loops_cross, nicolae_overflow_two_pavilions
D:4:      layout_layer_cave, mainiacjoe_overflow_two_lobes,
          minmay_temple_entry_drinking_statues, ebering_ghost_reflecting_pool
D:5:      minmay_octagon_keep, layout_loops_corners
D:6:      layout_basic, uniq_prince_ribbit1
D:7:      layout_loops_corners, nrook_pool_corridor, minmay_misc_feat_tiny,
          minmay_manual_mares
D:8:      layout_basic, lemuel_tele_altar
D:9:      layout_gridville, lair_entry_dummy, kennysheep_generic_room_6
D:10:     layout_irregular_city, grunt_temple_overflow_bloody_war, uniq_grum,
          uniq_snorg
D:11:     layout_basic, maelrawn_ghost_gauntlet_escape,
          nicolae_trove_entry_crystal, portal_ice_cave_entry_imps, minivault_24
IceCv:    ice_cave_statue_garden_transporter

Skill      XL: |  1  2  3  4  5  6  7  8  9 10 |
---------------+-------------------------------+-----
Fighting       | 2 3 4 5 6 |  6.9
Unarmed Combat | 3 4 5 6 7 9 11 | 11.5
Spellcasting   | 2 3 4 5 |  5.2
Translocations | 3 4 5 6 |  6.5
Throwing       | |  0.8
Dodging        | |  1.9

Action                   |  1- 3 |  4- 6 |  7- 9 | 10-12 || total
-------------------------+-------+-------+-------+-------++-------
Melee: Unarmed           |    90 |    89 |   240 |   159 ||   578
       Punch             |     1 |     2 |    21 |    13 ||    37
       Giant club        |       |    10 |     1 |       ||    11
       Peck              |       |       |       |    31 ||    31
Throw: Boomerang         |     1 |       |       |       ||     1
Invok: Recall Ancestor   |       |       |     1 |     1 ||     2
       Ancestor Life: Ba |       |       |     1 |       ||     1
       Ancestor Identity |       |       |       |     1 ||     1
Evoke: Wand              |       |       |       |    11 ||    11
  Use: Scroll            |     4 |     4 |    11 |    10 ||    29
       Potion            |       |     2 |     3 |    10 ||    15
 Stab: Sleeping          |       |       |     2 |       ||     2
       Distracted        |       |       |       |     1 ||     1
Armor: Robe              |    50 |    42 |    65 |    53 ||   210
Dodge: Dodged            |    63 |    45 |   145 |   155 ||   408

Table legend: (Time is in decaauts)
 A = Elapsed time spent in this place.
 B = Non-inter-level travel time spent in this place.
 C = Inter-level travel time spent in this place.
 D = Time resting spent in this place.
 E = Time spent auto-exploring this place.
 F = Levels seen in this place.
 G = Mean time per level.
                   A        B        C        D        E       F      G
               +--------+--------+--------+--------+--------+-----+--------+
         Total |  10087 |   9682 |    405 |    740 |   7275 |  12 |  840.6 |
       Dungeon |  10075 |   9670 |    405 |    740 |   7275 |  11 |  915.9 |
      Ice Cave |     11 |     11 |      0 |      0 |      0 |   1 |   11.0 |
               +--------+--------+--------+--------+--------+-----+--------+

Top non-repeatable levels by time:
     D:4: 1399 daAuts
     D:5: 1391 daAuts
    D:10: 1370 daAuts
     D:6: 1172 daAuts
     D:7: 995 daAuts
     D:8: 824 daAuts
     D:3: 782 daAuts
     D:9: 728 daAuts
     D:2: 677 daAuts
     D:1: 644 daAuts
    D:11: 91 daAuts
   IceCv: 11 daAuts
